cohdb
Replays
Latest Replays
All Replays
Popular Replays
Top Player Replays
Match Explorer
How It Works
Community
CoH3 Stats
Reddit
Sign in to upload your games and track your stats! →
Sign in with Steam
Match 42349262
Unlisted
Match 42349262
Overview
Messages
Build Orders
End
Construct Section Command Post
Selects Canadian Shock Battlegroup
Royal Engineer Section
Infantry Section
Infantry Section
Grenade Package
Selects Attacking Spirit
Selects Canadian Shock Section
Canadian Shock Section
Construct Platoon Command Post
Construct Field Infirmary
Selects Incendiary Munitions
6-pounder Anti-tank Gun Team
Selects Pyrotechnics
Construct Company Command Post
Vickers Machine Gun Team
Canadian Shock Section
Selects Demolition Engineering
Unlock M3 Grant Medium Tanks
M3 Grant Medium Tank
Selects Smoke Operation
Foot Guards Section
M3 Grant Medium Tank
Foot Guards Section
M3 Grant Medium Tank
M3 Grant Medium Tank
Royal Engineer Section
Smoke Operation
Vickers Machine Gun Team
Royal Engineer Section
M3 Grant Medium Tank
CarefreeBaka
wilymstjohn
matthew
BIOHAZARD
Gorgolo
Andreuz
0
0
Comments
sign in to comment!
No comments posted yet!